 Dungeon Crawl Stone Soup version 0.30-a0-371-gad7725a93e (webtiles) character file.

Game seed: 6233460501632560860

56 Shayle the Trooper (level 3, -1/23 (29) HPs)
             Began as a Demonspawn Reaver on Nov 22, 2022.
             Slain by an orc
             ... wielding a +0 flail
              (5 damage)
             ... on level 4 of the Dungeon.
             The game lasted 00:04:40 (1104 turns).

Shayle the Trooper (Demonspawn Reaver)              Turns: 1104, Time: 00:04:41

HP:   -1/23 (29)    AC:  3    Str: 12    XL:     3   Next: 71%
MP:   6/6           EV: 12    Int: 16    God:
Gold: 38            SH:  0    Dex: 11    Spells: 5/6 levels left

rFire   . . .      SeeInvis .    a - +0 hand axe
rCold   . . .      Faith    .    (no shield)
rNeg    . . .      Spirit   .    b - +0 leather armour
rPois   .          Reflect  .    (helmet restricted)
rElec   .          Harm     .    (no cloak)
rCorr   .          Rampage  .    (no gloves)
Will    .....                    (no boots)
Stlth   +.........               (no amulet)
HPRegen 0.23/turn                (no ring)
MPRegen 0.10/turn                (no ring)

@: heavily drained
A: antennae 1, hooves 1
a: no special abilities


You were on level 4 of the Dungeon.
You visited 1 branch of the dungeon, and saw 4 of its levels.
You also visited: Sewer.

You collected 38 gold pieces.

Inventory:

Hand Weapons
 a - a +0 hand axe (weapon)
 i - a +2 short sword of venom
 n - a +2 short sword of distortion
Armour
 b - a +0 leather armour (worn)
Scrolls
 d - a scroll of fear {unknown}
 e - a scroll of noise {unknown}
 f - a scroll of identify {unknown}
 j - a scroll of amnesia {unknown}
Potions
 c - 2 potions of degeneration {unknown}
 g - 2 potions of resistance {unknown}
 h - a potion of might {unknown}
 k - a potion of cancellation {unknown}
 l - 2 potions of invisibility {unknown}
 m - a potion of haste {unknown}


   Skills:
 + Level 3.2 Fighting
 - Level 2.6 Axes
 + Level 2.9 Dodging
 - Level 2.0 Spellcasting
 - Level 3.0 Conjurations


You had 5 spell levels left.
You knew the following spells:

 Your Spells              Type           Power      Damage    Failure   Level
a - Kiss of Death         Conj/Necr      24%        2d7       14%         1

Your spell library contained the following spells:

 Spells                   Type           Power      Damage    Failure   Level
 Momentum Strike          Conj/Tloc      12%        3d8       22%         2
 Hailstorm                Conj/Ice       6%         3d4       38%         3


Dungeon Overview and Level Annotations

Branches:
Dungeon (4/15)              Sewer (visited)
 Temple: D:4-7

Altars:


Innate Abilities, Weirdness & Mutations

You have a pair of small antennae on your head.
You have large cloven feet.


Message History

A goblin comes into view. It is wielding a +0 club.
An orc comes into view. It is wielding a +0 flail.
The orc shouts!
You hear a shout!
A giant cockroach comes into view.
An orc comes into view. It is wielding a +0 falchion.
A goblin comes into view. It is wielding a +0 club.
The goblin hits you with a +0 club.
An orc comes into view. It is wielding a +0 short sword.
Found a stone staircase leading up.
An orc wizard comes into view. It is wielding a +0 dagger.
The goblin barely misses you.
Found 2 poisoned darts.
The orc shouts!
The orc wizard hits you with a +0 dagger.
The orc wizard gestures wildly while chanting.
The orc wizard flickers and vanishes!
Deactivating autopickup; reactivate with Ctrl-A.
The giant cockroach closely misses you. The quokka barely misses you.
The goblin attacks as you move away! The goblin closely misses you.
Found a dagger.
The orc misses you.
The goblin unwields a +0 club.
The goblin wields a +0 sling.
The goblin shoots a sling bullet.
The sling bullet hits you. The quokka bites you.
The orc wizard hits you but does no damage.
You hit the orc but do no damage.
You hit the giant cockroach but do no damage.
You barely miss the orc. You hit the quokka but do no damage.
You miss the orc wizard.
The giant cockroach bites you but does no damage.
The quokka barely misses you. The orc misses you. The orc wizard misses you.
The orc hits you with a +0 flail. The giant cockroach barely misses you.
You hit the orc wizard. Your kick misses the orc wizard.
The orc wizard is moderately wounded.
You completely miss the giant cockroach.
You closely miss the orc. You closely miss the quokka. You hit the orc.
You hit the goblin.
You kill the goblin!
You hit the orc but do no damage. The quokka bites you.
* * * LOW HITPOINT WARNING * * *
The orc hits you with a +0 flail.
You die...

#........).. #.
#.........(.
..##...........
..............#.
.<..............
...............#
#...gooo......#
#.o@...##.###
#.)Br........
##.#......###
#......##...#
#....##....##.###
#.#..#..........#
#.#.
#.......†..#####.
. #.
#.......<........
.
#............##..


You could see an orc wizard, 3 orcs, a quokka, a giant cockroach and a goblin.

Vanquished Creatures
  An adder (Sewer)
  A worm (D:3)
  An orc (D:3)
  2 ball pythons
  An endoplasm (D:2)
  3 giant cockroaches
  2 goblins
  6 hobgoblins
  4 bats (Sewer)
  5 frilled lizards
  14 kobolds
  6 rats
46 creatures vanquished.

Vanquished Creatures (others)
  5 plants (Sewer)
5 creatures vanquished.

Grand Total: 51 creatures vanquished

Notes
Turn   | Place    | Note
-------+----------+-------------------------------------------
     0 | D:1      | Shayle the Demonspawn Reaver began the quest for the Orb.
     0 | D:1      | Reached XP level 1. HP: 16/16 MP: 3/3
   176 | D:1      | Discovered your monstrous ancestry.
   176 | D:1      | Gained mutation: You have large cloven feet. [demonic
                  | ancestry]
   176 | D:1      | Reached XP level 2. HP: 14/23 MP: 5/5
   523 | D:3      | Found a glowing drain.
   527 | Sewer    | Entered a sewer
   554 | Sewer    | Gained mutation: You have a pair of small antennae on your
                  | head. [demonic ancestry]
   554 | Sewer    | Reached XP level 3. HP: 24/28 MP: 6/6
  1104 | D:4      | Slain by an orc

Illustrated notes

Levels and vault maps discovered:
D:1:      kilobyte_arrival_exit_the_forest, layout_loops_ring,
          minmay_octomino_c4
D:2:      layout_basic, serial_shops, shop, minmay_between
D:3:      layout_basic, portal_sewer_entry_e, minivault_5
D:4:      layout_rooms, uniq_eustachio, uniq_sigmund

Skill      XL: |  1  2  3 |
---------------+----------+-----
Dodging        | 2 |  2.9
Fighting       | 3 |  3.2
Axes           | |  2.6
Spellcasting   | |  2.0
Conjurations   | |  3.0

Action                   || total
-------------------------++-------
Melee: Hand axe          ||   119
       Punch             ||     3
       Kick              ||    23
 Cast: Kiss of Death     ||     1
Armor: Leather armour    ||    69
Dodge: Dodged            ||   171

Table legend: (Time is in decaauts)
 A = Elapsed time spent in this place.
 B = Non-inter-level travel time spent in this place.
 C = Inter-level travel time spent in this place.
 D = Time resting spent in this place.
 E = Time spent auto-exploring this place.
 F = Levels seen in this place.
 G = Mean time per level.
                   A        B        C        D        E       F      G
               +--------+--------+--------+--------+--------+-----+--------+
         Total |   1157 |   1157 |      0 |     64 |    612 |   5 |  231.4 |
       Dungeon |    700 |    700 |      0 |     64 |    387 |   4 |  175.0 |
         Sewer |    457 |    457 |      0 |      0 |    225 |   1 |  457.0 |
               +--------+--------+--------+--------+--------+-----+--------+

Top non-repeatable levels by time:
   Sewer: 457 daAuts
     D:3: 362 daAuts
     D:1: 260 daAuts
     D:2: 60 daAuts
     D:4: 17 daAuts
